 Dungeon Crawl Stone Soup version 0.29.1-12-g30fa7ad0bf (webtiles) character file.

Game seed: 18127848844387193747

38 FexLirch the Digger (level 3, -1/26 HPs)
             Began as a Meteoran Earth Elementalist on Jan 3, 2023.
             Slain by an adder (3 damage)
             ... on level 2 of the Dungeon.
             The game lasted 00:01:45 (141 turns).

FexLirch the Digger (Meteoran Earth Elementalist)    Turns: 141, Time: 00:01:46

Health: -1/26      AC:  2    Str: 10    XL:     3   Next: 91%
Magic:  3/8        EV: 12    Int: 18    God:
Gold:   21         SH:  0    Dex: 14    Spells: 5/8 levels left

rFire   . . .      SeeInvis .   c - +2 short sword (speed)
rCold   . . .      Faith    .   (no shield)
rNeg    . . .      Spirit   .   a - +0 robe
rPois   .          Reflect  .   (no helmet)
rElec   .          Harm     .   (no cloak)
rCorr   .          Rampage  .   (no gloves)
Will    .....                   (no boots)
Stlth   +.........              (no amulet)
HPRegen 0.08/turn               (no ring)
MPRegen 0.11/turn               (no ring)

@: lethally poisoned (-1 -> -2), glowing
A: sense surroundings 1, otherworldly, glowing, explore regen
a: no special abilities


You were on level 2 of the Dungeon.
You visited 1 branch of the dungeon, and saw 2 of its levels.

You collected 21 gold pieces.

Inventory:

Hand Weapons
 c - a +2 short sword of speed (weapon)
Armour
 a - a +0 robe (worn)
Scrolls
 d - a scroll of torment {unknown}
 e - a scroll of poison {unknown}
Potions
 f - 2 potions of heal wounds {unknown}


   Skills:
 - Level 2.4 Dodging
 - Level 1.4 Stealth
 + Level 3.4 Spellcasting
 + Level 1.9 Conjurations
 - Level 1.2 Transmutations
 + Level 4.2 Earth Magic


You had 5 spell levels left.
You knew the following spells:

 Your Spells              Type           Power      Damage    Failure   Level
a - Sandblast             Erth           36%        2d10      2%          1
b - Passwall              Tmut/Erth      10%        N/A       8%          2

Your spell library contained the following spells:

 Spells                   Type           Power      Damage    Failure   Level
 Stone Arrow              Conj/Erth      28%        3d8       13%         3
 Petrify                  Tmut/Erth      13%        N/A       45%         4


Dungeon Overview and Level Annotations

Branches:
Dungeon (2/15) Zot: 1047

Altars:
Vehumet


Innate Abilities, Weirdness & Mutations

You passively map a small area around you.
You are easily found by Zot.
You glow in the dark.
You regain HP and MP as you explore.


Message History

a +0 dagger; a +0 club; a goblin corpse An adder comes into view.
Your magical contamination has completely faded away.
Casting: Sandblast (safe; 2% risk of failure)
Confirm with . or Enter, or press ? or * to list all spells.
Aiming: Passwall (safe; 8% risk of failure)
Press: ? - help, Dir - move target A rock wall.
This rock feels extremely deep.
Unknown command.
Casting: Passwall (safe; 8% risk of failure)
Confirm with . or Enter, or press ? or * to list all spells.
Aiming: Sandblast (safe; 2% risk of failure)
Press: ? - help, Shift-Dir - straight line, f - adder
Aim: an adder (70% to hit)
The blast of sand hits the adder!
The adder is almost dead.
The adder bites you.
* * * LOW HITPOINT WARNING * * *
You are poisoned.
The adder poisons you!
Casting: Sandblast (safe; 2% risk of failure)
Confirm with . or Enter, or press ? or * to list all spells.
Aiming: Sandblast (safe; 2% risk of failure)
Press: ? - help, Shift-Dir - straight line, f/p - adder
Aim: an adder (severely wounded, 70% to hit)
The blast of sand misses the adder.
* * * LOW HITPOINT WARNING * * *
You feel sick.
A giant cockroach comes into view.
The adder bites you but does no damage. x2
Casting: Sandblast (safe; 2% risk of failure)
Confirm with . or Enter, or press ? or * to list all spells.
Aiming: Sandblast (safe; 2% risk of failure)
Press: ? - help, Shift-Dir - straight line, f/p - adder
Aim: an adder (severely wounded, 70% to hit)
The blast of sand misses the adder.
* * * LOW HITPOINT WARNING * * *
You feel sick. The adder bites you.
You die...

..................h......#
###########...######.#....
........#.)..# , .. *. *
###.###....#.#*, #.., ,
#.....#.# , * #h. * , #.
#.#...#.# , S., *
##.##.##.##)# * ,, . *
###.........#.##.# ## *
...............#@# .. ,
##### #...B###..S#.###
#######....#⌠#.......#
...........###.......#
#######..........._..# * <
#..............# , , ##
###............... ,
.#####........#####..#.. ,
.........##.### *#.#.# ,


You could see an adder and a giant cockroach.

Vanquished Creatures
  Natasha (D:2)
  A dart slug (D:2)
  A bat (D:2)
  An endoplasm (D:2)
  4 goblins
  A kobold (D:1)
  A ball python (D:1)
10 creatures vanquished.

Notes
Turn   | Place    | Note
-------+----------+-------------------------------------------
     0 | D:1      | FexLirch the Meteoran Earth Elementalist began the quest
                  | for the Orb.
     0 | D:1      | Reached XP level 1. HP: 14/14 MP: 5/5
    36 | D:1      | Reached XP level 2. HP: 17/20 MP: 0/6
    48 | D:1      | Learned a level 2 spell: Passwall
    74 | D:2      | Found a radiant altar of Vehumet.
    80 | D:2      | Reached skill level 1 in Conjurations
    96 | D:2      | Reached skill level 4 in Earth Magic
   113 | D:2      | Noticed Natasha
   131 | D:2      | Killed Natasha
   132 | D:2      | Reached XP level 3. HP: 6/26 MP: 8/8
   141 | D:2      | Slain by an adder

Illustrated notes

Levels and vault maps discovered:
D:1:      ncdulo_halloftheorcs, layout_rooms
D:2:      layout_loops_ring, serial_glass, glass_columns_a, glass_columns_c,
          due_unseen_surprise, feat_on_display, minmay_strange_pillars,
          minmay_strange_pillars, basic_altar, chequers_serial_rivers_micro_e,
          chequers_serial_rivers_micro_a, uniq_natasha

Skill      XL: |  1  2 |
---------------+-------+-----
Spellcasting   | 3 |  3.4
Conjurations   | 1 |  1.9
Earth Magic    | 4 |  4.2
Dodging        | |  2.4
Stealth        | |  1.4
Transmutations | |  1.2

Action                   || total
-------------------------++-------
 Cast: Sandblast         ||    22
       Passwall          ||     1
  Use: Potion            ||     1
Armor: Robe              ||     4
Dodge: Dodged            ||     5
